Quickblade, chaotic female elven Rogue }}}}}}}}}}}}}}}}}}}}}}}}}}}}}}}}}}}}}}}}}}}}}}}}}}}}}}}}}}}}}}}}}}}}}}}}}}} }}}}}}}}}}}}}}}}}}}}}}}}}}}}}}}}}}}}}}}}}}}}}}}}}}}}}}}}}}}}}}}}}}}}}}}}}}} }}.}}}}}..}}}}}......}}}}}}}};}}}}}}}}}}}}}}}}}}}}}}}}}}}}}}..[.}}}...}}}}} }...}}.....}}}}}....}}}}}}}}}}}}}}}}}}}}}}}}}}}}}}}}}}}}}}}...............} }....}}}}}}}}}}...`}}}..}}}}}}}}}}}.......}}}}}}}}}}}}}}}}..}}.....}}}...}} }...@}}}}}}}}.....}}}}..}}}}}}.................}}}}}}}}}}}.}}}}.....}}...}} }...@}}}}}};}}}}}.}}}}.}}}}}}%----------------- }}}}.......).} }.`..}}}}}}}}}}}}}}}}}}.;}}.[.| uS }....`}.}}....}}}}}}}}}.}}....----- oo }......}}}}..}}}}}}}}}}}}}(.......| ooo T })...)}}}}}}}}}}}}}}}}}}}}........| @@. ooo }.....}}}}}}}}}}}}}}}}}};}....--------| o o }....@.}}}}}}}}}}}}}}}}}}}}...-.......^% }..@.`..}}}}}}}..}}}}}};}}}}}.----------------- }....<..`}}.}}....}}}}}}}}}}}}.................}}}}}..}}}}}}}}}.......}}}}} }.......}}}}}}}..N...}}}}}}}}}}}}}}.......}}}}}}}}}...".}}}}}}.?.}}./}}}}}} }.....}}}}}}}}}}}..`..}}}}}}}}}}}}}}}}}}}}}}.}}}}}}}..}}}}}}}}}}....}}}}}}} }}..}}}}}}}}}}}}}.k..}}}}}}}}}}}}}}}}}}}}}}...}}..}}}}}}}.}}.}}}}..}}}}}}}} }}}}}}}}}}}}}}}}}}}}}}}}}}}}}}}}}}}}}}}}}}}}}}}}}}}}}}}}}}}}}}}}}}}}}}}}}}} }}}}}}}}}}}}}}}}}}}}}}}}}}}}}}}}}}}}}}}}}}}}}}}}}}}}}}}}}}}}}}}}}}}}}}}}}}} Quickblade the Pilferer Experience level: 13 Strength: 25 Dexterity: 18 Constitution: 16 Intelligence: 16 Wisdom: 13 Charisma: 10 Health: 115(115) Energy: 81(81) Def: 15 Gold: 389 Moves: 33131 Dungeon seed: SueCNC4sERoiFie4 Game ID: Quickblade_1437897188 Your Inventory: Coins $ - 389 gold pieces Weapons a - the blessed rustproof +5 Stormbringer (weapon in hand) m - the +0 Werebane (alternate weapon; not wielded) t - 12 +0 elven daggers U - a +0 silver dagger Armor c - an uncursed +0 elven shield (being worn) e - a blessed greased +0 pair of gauntlets of power (being worn) n - an uncursed very rusty +0 helm of telepathy (being worn) q - an uncursed +0 dwarvish mithril-coat (being worn) y - an uncursed +3 cloak of displacement (being worn) N - a blessed greased +0 pair of iron shoes (being worn) Comestibles K - an uncursed lizard corpse Scrolls C - an uncursed scroll of confuse monster Potions B - a blessed potion of gain energy Rings b - an uncursed ring of polymorph h - an uncursed ring of aggravate monster i - an uncursed ring of hunger j - an uncursed ring of polymorph control P - an uncursed ring of see invisible R - a cursed ring of invisibility T - an uncursed ring of regeneration (on right hand) Wands v - a wand of teleportation (0:4) G - a wand of fire (0:5) H - a wand of magic missile (0:4) Y - a wand of digging (0:0) Z - a wand of lightning (2:2) Tools d - an uncursed lock pick named #0 f - an uncursed greased sack g - an uncursed blindfold (being worn) s - a blessed bag of holding u - a +0 unicorn horn z - an uncursed stethoscope E - a drum of earthquake (0:5) Gems L - an uncursed luckstone Contents of the bag of holding: 6530 gold pieces 2 uncursed scrolls of blank paper an uncursed scroll of create monster 3 uncursed scrolls of destroy armor 2 uncursed scrolls of earth a cursed scroll of earth an uncursed scroll of enchant armor an uncursed scroll of enchant weapon a blessed greased scroll of genocide an uncursed scroll of genocide 8 uncursed scrolls of identify a cursed scroll of identify an uncursed scroll of light 2 uncursed scrolls of magic mapping a cursed scroll of magic mapping 2 blessed scrolls of remove curse an uncursed scroll of remove curse 6 uncursed scrolls of teleportation a cursed scroll of teleportation 2 uncursed scrolls of water a potion of holy water an uncursed potion of levitation 3 blessed potions of object detection 2 uncursed potions of object detection a blessed potion of paralysis an uncursed potion of sleeping an uncursed potion of water an uncursed ring of fire resistance an uncursed ring of searching an uncursed ring of shock resistance a blessed wand of polymorph (0:0) a wand of sleep (0:4) a wand of speed monster (0:1) an uncursed lock pick named #1 a magic marker (0:73) a magic marker (0:58) an uncursed luckstone Spells and supernatural/magical abilities: Name Level Category Fail Memory k - knock 1 matter 100% 42% w - wizard lock 2 matter 100% 72% x - extra healing 3 healing 100% 30% W - pray for help -- divine ? -- Your skills at the end: Fighting Skills two weapon combat [Basic] Weapon Skills dagger [Expert] short sword [Basic] broadsword [Skilled] Spellcasting Skills Final Attributes: You were piously aligned. You were fire resistant. You were cold resistant. You were sleep resistant. You were poison resistant. You were level-drain resistant. You were telepathic. You had automatic searching. You had infravision. You were displaced. You were stealthy. You regenerated. You were fast. You were extremely lucky. You had extra luck. Bad luck did not time out for you. Good luck did not time out for you. You are dead. Vanquished creatures: a red dragon 3 Olog-hai a guardian naga a vampire lord a water troll a nurse a lurker above an Aleax 2 golden nagas 2 black puddings 2 vampires 6 ghosts a queen bee 2 winged gargoyles 4 giant mimics a fire giant an ice troll 4 large mimics 2 wumpuses 3 long worms 3 couatls 3 stalkers 2 fire elementals a water elemental a hill giant 2 giant mummies 2 black nagas 4 giant zombies a water demon 4 wargs 3 winter wolves 12 small mimics an island nymph 2 warhorses 3 xans 2 ettin mummies a quantum mechanic a wood golem an erinys 3 gelatinous cubes a pyrolisk 2 large dogs 4 flaming spheres 2 shocking spheres a large cat 2 tigers 2 gargoyles 5 tengu an energy vortex a mountain centaur 2 elf mummies 2 human mummies a red naga 2 pit vipers 3 wraiths 4 ettin zombies a leather golem a soldier 2 succubi an incubus 11 chameleons 2 crocodiles 6 giant beetles 4 quivering blobs 8 cockatrices 10 winter wolf cubs a lynx a panther a gremlin 20 leprechauns an orc-captain an iron piercer 3 giant spiders 5 scorpions an ice vortex 2 black lights 3 vampire bats a forest centaur 2 gnome kings 3 orc mummies 3 dwarf mummies 3 ogres a brown pudding a rust monster 3 owlbears 4 yetis 4 lizards 9 thugs a chickatrice 3 dogs 4 dingos a housecat 5 jaguars 4 dwarf lords 4 blue jellies 9 water nymphs 2 white unicorns a dust vortex 2 ravens 2 plains centaurs a gnome mummy 3 snakes 5 apes 5 human zombies 2 rope golems 4 soldier ants 2 fire ants a quasit 4 wood nymphs 3 Mordor orcs 4 orc shamans 7 rock piercers 6 rock moles 2 ponies a fog cloud 9 yellow lights a shrieker 3 violet fungi 17 gnome lords 9 gnomish wizards 4 kobold mummies a red naga hatchling 4 guardian naga hatchlings 5 gray oozes 2 barrow wights 5 elf zombies 9 ghouls 3 straw golems a jellyfish a baby crocodile 46 giant ants 4 little dogs 14 floating eyes 2 kittens 25 dwarves a kobold lord a kobold shaman 5 hill orcs 6 rothes 2 rabid rats 3 giant bats 2 monkeys 3 orc zombies 10 dwarf zombies 3 wererats 2 werejackals 7 iguanas 51 killer bees 3 acid blobs 3 gas spores 11 hobbits 2 large kobolds 6 hobgoblins 8 giant rats 9 cave spiders 3 brown molds 4 yellow molds a green mold 2 red molds 67 gnomes 5 garter snakes 20 manes 7 gnome zombies 9 geckos 18 jackals 3 foxen 5 kobolds 9 goblins 6 sewer rats 22 grid bugs 6 bats 5 lichens 7 kobold zombies 14 newts 850 creatures vanquished. Voluntary challenges: You used a wielded weapon 1198 times, starting on turn 165. You read items or engraved 50 times, starting on turn 263. You never genocided any monsters. You polymorphed 114 items, starting on turn 11078. You changed form 3 times, starting on turn 12170. You completed Sokoban on turn 10649, according to the rules. You used no wishes. You split 1 pudding, starting on turn 14851. You never wrote Elbereth's name. You never violated your personal moral code. You abstained from Elbereth's help. Dungeon overview: The Dungeons of Doom: levels 1 to 22 Level 1 many fountains a long staircase Level 2 stairs to The Gnomish Mines Level 3 an altar to Kos, a fountain Level 4 Level 5 Level 6 stairs to Sokoban Level 7 Level 8 Level 9 ($@>) some altars to Issek and Kos Level 10 a scroll shop, a fountain Level 11 a fountain portal to The Quest Level 12 Level 13 Level 14 Level 15 Level 16 Level 17 Level 18 Level 19 Level 20 some fountains, a sink Level 21 Level 22 <- You were here The Gnomish Mines: levels 3 to 10 Level 3 stairs to The Dungeons of Doom Level 4 Level 5 Level 6 many shops, a temple to Issek, some fountains Level 7 Level 8 Level 9 Level 10 The Quest: Level 1 portal to The Dungeons of Doom Sokoban: levels 2 to 5 Level 2 Level 3 Level 4 Level 5 stairs to The Dungeons of Doom History has recorded: On T:1 you entered the Dungeons of Doom to retrieve the Amulet of Yendor! On T:328 you advanced to experience level 2. On T:361 you reached level 2 of The Dungeons of Doom. On T:623 you advanced to experience level 3. On T:769 you reached level 3 of The Dungeons of Doom. On T:1244 you reached level 4 of The Dungeons of Doom. On T:1355 you advanced to experience level 4. On T:1559 you reached level 5 of The Dungeons of Doom. On T:1993 you advanced to experience level 5. On T:2312 you received Stormbringer from Kos. On T:2394 you reached level 1 of The Gnomish Mines. On T:2817 you reached level 2 of The Gnomish Mines. On T:3118 you advanced to experience level 6. On T:3683 you reached level 3 of The Gnomish Mines. On T:4355 you reached level 4 of The Gnomish Mines. On T:4933 you advanced to experience level 7. On T:5206 you reached level 5 of The Gnomish Mines. On T:5696 you reached level 6 of The Gnomish Mines. On T:6018 you reached level 7 of The Gnomish Mines. On T:6082 you reached level 8 of The Gnomish Mines. On T:6487 you advanced to experience level 8. On T:7704 you reached level 6 of The Dungeons of Doom. On T:7958 you reached level 4 of Sokoban. On T:8304 you reached level 3 of Sokoban. On T:8948 you reached level 2 of Sokoban. On T:9352 you reached level 1 of Sokoban. On T:10649 you entered the Sokoban zoo. On T:11892 you reached level 7 of The Dungeons of Doom. On T:11973 you advanced to experience level 9. On T:12262 you reached level 8 of The Dungeons of Doom. On T:12439 you advanced to experience level 11. On T:12485 you reached level 9 of The Dungeons of Doom. On T:12688 you reached level 10 of The Dungeons of Doom. On T:13177 you reached level 11 of The Dungeons of Doom. On T:13517 you reached level 1 of The Quest. On T:14023 you reached level 12 of The Dungeons of Doom. On T:14410 you reached level 13 of The Dungeons of Doom. On T:14711 you reached level 14 of The Dungeons of Doom. On T:15220 you reached level 15 of The Dungeons of Doom. On T:15651 you advanced to experience level 12. On T:17026 you reached level 16 of The Dungeons of Doom. On T:17491 you reached level 17 of The Dungeons of Doom. On T:18245 you reached level 18 of The Dungeons of Doom. On T:18512 you reached level 19 of The Dungeons of Doom. On T:18770 you reached level 20 of The Dungeons of Doom. On T:19413 you reached level 21 of The Dungeons of Doom. On T:19488 you advanced to experience level 13. On T:19787 you reached level 22 of The Dungeons of Doom. On T:23189 you received Werebane from Kos. Score breakdown: Gold: 6919 ( 691 points) Experience: 13 levels ( 1200 points) Exploration: 22 levels ( 630 points) Discoveries: 77 items ( 2000 points) Variety of kills: 174 monsters ( 2000 points) Major goal: (nothing yet) ( 0 points) Survival: died (score multiplied by 3) Total score: 19563 Latest messages: You hear a nearby zap. The death ray hits you! The sack is empty. The sack is empty. Final status: Goodbye Quickblade the Rogue, killed by a death ray... You died in The Dungeons of Doom on dungeon level 22 with 19563 points, and 6919 pieces of gold, after 33131 moves. You were level 13 with a maximum of 115 hit points when you died.